 Dungeon Crawl Stone Soup version 0.26.0-20-g3ca415f5b8 (webtiles) character file.

Game seed: 10302050055813773229

2289 thiole the Covert (level 9, -4/51 HPs)
             Began as an Octopode Hedge Wizard on Jan 24, 2021.
             Slain by a killer bee (10 damage)
             ... on level 7 of the Dungeon.
             The game lasted 00:23:39 (10798 turns).

thiole the Covert (Octopode Hedge Wizard)          Turns: 10798, Time: 00:23:40

Health: -4/51      AC:  1    Str: 10    XL:     9   Next: 40%
Magic:  18/19      EV: 13    Int: 19    God:
Gold:   386        SH:  0    Dex: 11    Spells: 14/22 levels left

rFire    + . .     SeeInvis .   i - +1 dagger (elec)
rCold    . . .     Faith    .   (no shield)
rNeg     + . .     Spirit   .   b - +0 hat
rPois    +         Reflect  .   w - amulet of the acrobat
rElec    .         Harm     .   m - ring of poison resistance
rCorr    .         Rampage  .   s - ring of positive energy
Will     .....                  c - ring of protection from fire
Stlth    +++++.....             (no ring)
HPRegen  0.17/turn              (no ring)
MPRegen  0.16/turn              (no ring)
                                (no ring)
                                (no ring)

@: no status effects
A: almost no armour, stealthy swim, amphibious, 8 rings, constrict 8, camouflage
1, gelatinous body 1
a: no special abilities


You were on level 7 of the Dungeon.
You visited 2 branches of the dungeon, and saw 8 of its levels.
You also visited: Ossuary.

You collected 386 gold pieces.

Inventory:

Hand Weapons
 a - a +0 dagger
 i - a +1 dagger of electrocution (weapon)
 p - a +0 glaive of protection
Missiles
 o - 8 javelins
Armour
 b - a +0 hat (worn)
Jewellery
 c - a ring of protection from fire (on tentacle)
 m - a ring of poison resistance (left tentacle)
 s - a ring of positive energy (right tentacle)
 w - an amulet of the acrobat (around mantle)
Wands
 d - a wand of flame (3)
 q - a wand of digging (5)
Scrolls
 e - 4 scrolls of teleportation {unknown}
 f - 5 scrolls of immolation {unknown}
 g - 8 scrolls of remove curse {unknown}
 l - a scroll of fog {unknown}
 n - 3 scrolls of amnesia {unknown}
 t - 6 scrolls of random uselessness {unknown}
 u - 3 scrolls of enchant weapon {unknown}
 y - a scroll of noise {unknown}
 A - a scroll of silence {unknown}
 B - a scroll of fear {unknown}
 C - 3 scrolls of blinking {unknown}
Potions
 h - 8 potions of curing
 j - a potion of magic
 r - a potion of ambrosia
 v - 2 potions of flight {unknown}
 x - 3 potions of lignification {unknown}
 z - a potion of mutation


   Skills:
 - Level 2.0 Dodging
 + Level 10.4 Stealth
 + Level 7.3 Spellcasting
 - Level 4.0 Conjurations
 - Level 2.0 Summonings
 - Level 1.0 Translocations
 - Level 5.0 Air Magic


You had 14 spell levels left.
You knew the following spells:

 Your Spells              Type           Power        Failure   Level
a - Magic Dart            Conj           88%          1%          1
b - Call Imp              Summ           14%          7%          2
c - Slow                  Hex            6%           16%         2
d - Mephitic Cloud        Conj/Pois/Air  18%          9%          3

Your spell library contained the following spells:

 Spells                   Type           Power        Failure   Level
 Blink                    Tloc           N/A          10%         2
 Conjure Flame            Conj/Fire      14%          13%         3


Dungeon Overview and Level Annotations

Branches:
Dungeon (7/15)             Temple (1/1) D:6         Ossuary (visited)

Altars:
Ashenzari
Cheibriados
Dithmenos
Elyvilon
Fedhas
Kikubaaqudgha
Makhleb
Nemelex Xobeh
Okawaru
Qazlal
Ru
Sif Muna
Trog
Uskayaw
Vehumet
Wu Jian
Xom
Yredelemnul
Zin
The Shining One

Shops:
D:6 =


Innate Abilities, Weirdness & Mutations

You cannot wear most types of armour.
You are very stealthy in the water. (Stealth+)
You are amphibious.
You can wear up to eight rings at the same time.
You can use your tentacles to constrict eight enemies at once.
Your skin changes colour to match your surroundings (Stealth+).
Your rubbery body absorbs attacks. (AC +1, EV +1)


Message History

The puff of flame misses the killer bee. x3
The killer bee closely misses you. The killer bee misses you.
Aiming: Throw Flame
Press: ? - help, Shift-Dir - straight line, f/p - killer bee
Aim: a killer bee (61% to evade)
The puff of flame hits the killer bee.
The killer bee is moderately wounded.
The killer bee stings you. x2
* * * LOW HITPOINT WARNING * * *
Aiming: Throw Flame
Press: ? - help, Shift-Dir - straight line, f/p - killer bee
Aim: a killer bee (61% to evade)
The puff of flame hits the killer bee!
The killer bee is severely wounded.
The killer bee barely misses you. The killer bee stings you!
* * * LOW HITPOINT WARNING * * *
You feel better. The killer bee stings you!
* * * LOW HITPOINT WARNING * * *
The killer bee stings you!
You die...

#.........# #######.........##
#.................
########.#####...........
#.......Y..y.yy..........
#.######y########.##†..## #.#
#y# #.##..## #.# #y# #.##.#.#
#.# #@########.##.##(.
#####.######.#......#.##.# .#
##..........#.#.####.#.##.. #
#........##.#.#......#.##..
#....................#.####
#........##.#.......<#.#
#........##.########.#.##### #
#.....>........(............
#........##.########.#.#######


You could see an ice beast and 3 killer bees.

Vanquished Creatures
  Sigmund (D:5)
  An orc warrior (D:3)
  An ice beast (D:6)
  4 ogres
  A centaur (D:5)
  Blork the orc (D:4)
  A scorpion (D:7)
  A water moccasin skeleton (D:7)
  2 wights (D:7)
  3 killer bees (D:7)
  2 howler monkeys
  A centaur zombie (Ossuary)
  A bullfrog zombie (D:7)
  3 hounds
  A human zombie (Ossuary)
  5 orc priests
  A centaur skeleton (D:6)
  Terence (D:3)
  4 orc wizards
  3 worker ants
  2 big kobold zombies (Ossuary)
  3 mummies
  A worker ant zombie (D:5)
  6 adders
  A shadow imp (D:5)
  An ufetubus (D:6)
  An ooze (D:5)
  2 adder skeletons
  2 worms
  3 dart slugs
  3 leopard geckos
  20 orcs
  8 bats
  9 giant cockroaches
  3 gnoll zombies (Ossuary)
  6 goblins
  7 hobgoblins
  13 jackals
  3 quokkas
  A ball python (D:1)
  2 frilled lizards
  A goblin zombie (D:7)
  7 kobolds
  2 kobold zombies
  A leopard gecko skeleton (D:7)
  A quokka skeleton (D:7)
  3 rats
150 creatures vanquished.

Vanquished Creatures (collateral kills)
  Edmund (D:4)
  An ice beast (D:6)
  A necrophage (D:7)
  A bullfrog (D:7)
  A scorpion (D:4)
  3 wights (D:7)
  2 orc priests
  A worker ant (D:6)
  3 mummies (Ossuary)
  A white imp (D:6)
  A leopard gecko (D:4)
  3 orcs
19 creatures vanquished.

Grand Total: 169 creatures vanquished

Notes
Turn   | Place    | Note
-------+----------+-------------------------------------------
     0 | D:1      | thiole the Octopode Hedge Wizard began the quest for the
                  | Orb.
     0 | D:1      | Reached XP level 1. HP: 11/11 MP: 4/4
   232 | D:1      | Reached XP level 2. HP: 17/17 MP: 4/6
   401 | D:1      | Reached skill level 3 in Stealth
  1031 | D:1      | Reached XP level 3. HP: 21/21 MP: 7/7
  1886 | D:2      | Found a sacrificial altar of Ru.
  1895 | D:2      | Reached XP level 4. HP: 23/27 MP: 0/8
  2214 | D:2      | Learned a level 2 spell: Call Imp
  2217 | D:2      | Learned a level 2 spell: Slow
  2221 | D:2      | Learned a level 3 spell: Mephitic Cloud
  3315 | D:3      | Noticed an orc warrior
  3372 | D:3      | Noticed Terence
  3393 | D:3      | Killed Terence
  3394 | D:3      | Reached skill level 1 in Air Magic
  3394 | D:3      | Reached XP level 5. HP: 10/31 MP: 0/10
  3642 | D:3      | Reached skill level 4 in Stealth
  4070 | D:3      | Found a snail-covered altar of Cheibriados.
  4160 | D:4      | You fall into a shaft and drop 2 floors!
  4245 | D:5      | Entered Level 5 of the Dungeon
  4245 | D:5      | Noticed Sigmund
  4287 | D:5      | Reached XP level 6. HP: 35/36 MP: 0/11
  4827 | D:4      | Noticed Edmund
  4845 | D:4      | Killed Edmund
  4846 | D:4      | Reached skill level 5 in Stealth
  4846 | D:4      | Reached XP level 7. HP: 19/41 MP: 9/13
  5645 | D:4      | Found a hide-covered altar of Uskayaw.
  5648 | D:4      | Noticed a +0 dagger
  5649 | D:4      | Noticed a +0 hand axe
  5681 | D:4      | Noticed Blork the orc
  5701 | D:4      | Killed Blork the orc
  5702 | D:4      | Reached skill level 6 in Stealth
  6253 | D:3      | Found a shadowy altar of Dithmenos.
  6368 | D:3      | Reached XP level 8. HP: 23/46 MP: 1/15
  6911 | D:5      | Reached skill level 5 in Spellcasting
  6911 | D:5      | Reached skill level 5 in Air Magic
  6987 | D:5      | Killed Sigmund
  6988 | D:5      | Reached skill level 7 in Stealth
  7366 | D:6      | Found a blossoming altar of Fedhas.
  7672 | D:6      | Reached skill level 8 in Stealth
  7782 | D:6      | Found a staircase to the Ecumenical Temple.
  7799 | Temple   | Entered the Ecumenical Temple
  8003 | D:7      | Found a sand-covered staircase.
  8008 | Ossuary  | Entered an ossuary
  8610 | D:6      | Found a stormy altar of Qazlal.
  8667 | D:6      | Found Faesuy's Jewellery Boutique.
  9095 | D:6      | Reached skill level 9 in Stealth
  9095 | D:6      | Reached XP level 9. HP: 51/51 MP: 18/18
  9756 | D:7      | Found a glowing golden altar of the Shining One.
 10272 | D:7      | Reached skill level 10 in Stealth
 10798 | D:7      | Slain by a killer bee

Illustrated notes

Levels and vault maps discovered:
D:1:      scummos_arrival_simple_fountains, layout_loops_ring,
          minmay_misc_feat_room, minmay_liquid_box,
          chequers_serial_rivers_small_a
D:2:      layout_basic, kennysheep_doodads, nicolae_ru_great_annihilating_truth
D:3:      layout_loops_ring, kennysheep_slug_shrine, general_overflow_altar,
          kennysheep_potato, uniq_terence
D:4:      layout_gridville, dancing_weapons_uskayaw, kennysheep_minor_cross,
          hangedman_decor_growths, kennysheep_crisscross, uniq_blork_the_orc,
          uniq_edmund
D:5:      layout_rooms, uniq_sigmund
D:6:      layout_basic, fedhas_altar_1, lemuel_coloured_pillars_altar,
          temple_green, serial_shops, shop_statue
D:7:      layout_basic, marbit_many_paths, nicolae_ossuary_entry_giza,
          hangedman_decor_opposing, st_stairs_6, minmay_ruined_shrine
Temple:   jpeg_temple_clearing

Skill      XL: |  1  2  3  4  5  6  7  8  9 |
---------------+----------------------------+-----
Stealth        | 3 4 5 6 9 10 | 10.4
Conjurations   | 2 3 4 |  4.0
Summonings     | 2 |  2.0
Air Magic      | 1 2 3 4 5 |  5.0
Spellcasting   | 4 6 7 |  7.3
Dodging        | |  2.0
Translocations | |  1.0

Action                   |  1- 3 |  4- 6 |  7- 9 || total
-------------------------+-------+-------+-------++-------
Melee: Dagger            |    25 |    55 |   122 ||   202
       Constrict         |     6 |    13 |    27 ||    46
       Tentacles         |     2 |     7 |    21 ||    30
 Cast: Magic Dart        |    80 |   139 |   151 ||   370
       Call Imp          |       |    15 |    63 ||    78
       Slow              |       |       |     1 ||     1
Evoke: Wand              |       |       |    18 ||    18
  Use: Scroll            |       |     8 |     2 ||    10
       Potion            |       |     2 |     5 ||     7
 Stab: Sleeping          |     1 |       |     7 ||     8
       Distracted        |       |       |     2 ||     2
Armor: Skin              |    11 |     2 |     1 ||    14
Dodge: Dodged            |    35 |    37 |    95 ||   167
